 Dungeon Crawl Stone Soup version 0.30-a0-634-g8abc85282e (webtiles) character file.

Game seed: 1729570658504288512

374 Bnni the Cutter (level 6, 0/33 HPs)
             Began as a Vine Stalker Brigand on Jan 14, 2023.
             Splashed by a jelly's acid (9 damage)
             ... on level 4 of the Dungeon.
             The game lasted 00:04:51 (2212 turns).

Bnni the Cutter (Vine Stalker Brigand)              Turns: 2212, Time: 00:04:52

Health: 0/33       AC: -1    Str: 14    XL:     6   Next: 72%
Magic:  0/7        EV: 12    Int: 11    God:
Gold:   180        SH:  8    Dex: 17    Spells: 5/5 levels left

rFire   . . .      SeeInvis .    a - +2 dagger
rCold   . . .      Faith    .    s - +0 kite shield
rNeg    . . .      Spirit   +    n - +0 scale mail
rPois   .          Reflect  .    (no helmet)
rElec   .          Harm     .    c - +0 cloak
rCorr   .          Rampage  .    (no gloves)
Will    .....                    (no boots)
Stlth   ++                       (no amulet)
HPRegen 1.05/turn                o - +5 ring of evasion
MPRegen 0.10/turn                (no ring)

@: corroded
A: fangs 2, regeneration 1, magic shield, antimagic bite, no potion heal 2
a: no special abilities


You were on level 4 of the Dungeon.
You visited 1 branch of the dungeon, and saw 4 of its levels.

You collected 180 gold pieces.

Inventory:

Hand Weapons
 a - a +2 dagger (weapon)
Missiles
 d - 15 poisoned darts (quivered)
 e - 7 curare-tipped darts
Armour
 c - a +0 cloak (worn)
 n - a +0 scale mail (worn)
 s - a +0 kite shield (worn)
Jewellery
 o - a +5 ring of evasion (left hand)
Wands
 t - a wand of digging (2)
Scrolls
 f - a scroll of amnesia {unknown}
 g - 2 scrolls of immolation {unknown}
 i - a scroll of torment {unknown}
 j - 2 scrolls of teleportation {unknown}
 k - 2 scrolls of poison {unknown}
 l - a scroll of fear {unknown}
 m - 3 scrolls of identify {unknown}
Potions
 b - 4 potions of curing {unknown}
 h - 4 potions of heal wounds {unknown}
 p - a potion of berserk rage {unknown}
 q - a potion of degeneration {unknown}
 r - a potion of ambrosia {unknown}


   Skills:
 + Level 3.6 Fighting
 * Level 5.0 Short Blades
 - Level 1.7 Throwing
 - Level 0.7 Dodging
 - Level 4.8 Stealth
 + Level 1.4 Shields


You had 5 spell levels left.
You didn't know any spells.
Your spell library contained the following spells:

 Spells                   Type           Power      Damage    Failure   Level
 Sting                    Tmut/Pois      0%         1d3       99%         1
 Poisonous Vapours        Pois/Air       0%         N/A       100%        2
 Olgreb's Toxic Radiance  Pois           0%         N/A       100%        4


Dungeon Overview and Level Annotations

Branches:
Dungeon (4/15)
 Temple: D:4-7

Altars:

Shops:
D:2 =


Innate Abilities, Weirdness & Mutations

You have extremely sharp teeth.
Your natural rate of healing is unusually fast.
When hurt, damage is shared between your health and your magic reserves.
Your bite disrupts and absorbs the magic of your enemies.
Potions cannot restore your health.


Message History

You block the jelly's attack. The ball python misses you.
The ball python grabs you. The ball python constricts you.
You hit the ball python but do no damage.
You bite the ball python, but do no damage.
The jelly closely misses you. You block the ball python's attack.
The ball python constricts you.
You hit the ball python.
The ball python is moderately wounded.
The jelly hits you but does no damage.
The ball python bites you but does no damage.
The ball python constricts you.
You hit the ball python.
You kill the ball python!
You block the jelly's attack.
You hit the jelly.
Your hands burn!
The jelly is heavily wounded.
The jelly hits you. The acid corrodes you!
You are splashed with acid!
You hit the jelly but do no damage.
Your hands burn!
You bite the jelly. You drain its power.
You feel invigorated.
The jelly is severely wounded.
The jelly barely misses you.
You hit the jelly but do no damage.
Your hands burn!
Your bite misses the jelly.
The jelly is severely wounded.
The jelly closely misses you.
You hit the jelly but do no damage.
Your hands burn!
You bite the jelly, but do no damage.
The jelly is severely wounded.
The jelly jiggles.
The jelly hits you.
You are splashed with acid!
You are too injured to fight recklessly!
Throw: 8 darts (curare)
Press: ? - help, Shift-Dir - straight line, f - jelly
Aim: a jelly (severely wounded, 90% to hit)
You throw a curare-tipped dart. The curare-tipped dart hits the jelly.
The jelly is severely wounded.
The jelly hits you.
* * * LOW HITPOINT WARNING * * *
You are splashed with acid!
You die...

.. .. .# .. #.
.... ...
##.#.#.# #
...##....#.#.##
...........#...
...............
.......J...#
.......@...#
...........#
........<..#
...........#
...######### ..
.


You could see a jelly.

Vanquished Creatures
  Grinder (D:3)
  Natasha (thrice) (D:2)
  Terence (D:2)
  3 adders
  2 dart slugs
  3 orcs (D:3)
  5 endoplasms
  A giant cockroach (D:3)
  4 goblins
  5 hobgoblins
  4 jackals (D:2)
  3 quokkas
  6 ball pythons
  8 bats
  3 frilled lizards
  5 kobolds
  2 rats
59 creatures vanquished.

Notes
Turn   | Place    | Note
-------+----------+-------------------------------------------
     0 | D:1      | Bnni the Vine Stalker Brigand began the quest for the Orb.
     0 | D:1      | Reached XP level 1. HP: 11/11 MP: 2/2
    24 | D:1      | Reached skill level 2 in Short Blades
   220 | D:1      | Reached XP level 2. HP: 15/15 MP: 3/3
   761 | D:2      | Found Cuybbewy's Jewellery Emporium.
   872 | D:2      | Noticed Natasha
   882 | D:2      | Killed Natasha
   883 | D:2      | Reached skill level 3 in Short Blades
   883 | D:2      | Reached XP level 3. HP: 7/19 MP: 2/4
   984 | D:2      | Gained mutation: Your natural rate of healing is unusually
                  | fast. [Vine Stalker growth]
   984 | D:2      | Reached XP level 4. HP: 23/23 MP: 5/5
  1029 | D:2      | Found a faded altar of an unknown god.
  1082 | D:2      | Noticed Terence
  1120 | D:2      | Killed Terence
  1209 | D:2      | You fall into a shaft and drop 1 floor!
  1261 | D:2      | Noticed Natasha
  1269 | D:2      | Killed Natasha
  1270 | D:2      | Reached XP level 5. HP: 12/28 MP: 3/6
  1312 | D:2      | Reached skill level 4 in Short Blades
  1488 | D:2      | Noticed Natasha
  1493 | D:2      | Killed Natasha
  1740 | D:3      | Noticed Grinder
  1769 | D:3      | Paralysed by Grinder for 4 turns
  1787 | D:3      | Paralysed by Grinder for 2 turns
  1799 | D:3      | Killed Grinder
  1800 | D:3      | Reached skill level 5 in Short Blades
  1800 | D:3      | Reached skill level 1 in Shields
  1800 | D:3      | Reached XP level 6. HP: 6/33 MP: 1/7
  2212 | D:4      | Splashed by a jelly's acid

Illustrated notes

Levels and vault maps discovered:
D:1:      eino_arrival_cavern_a, layout_loops_ring
D:2:      layout_rooms, serial_shops, nicolae_shop_waterfront,
          ebering_ecumenical_altar_webs, uniq_natasha, uniq_terence
D:3:      layout_loops_ring, uniq_grinder
D:4:      layout_basic, minmay_temple_entry_drinking_statues, enter_ossuary_5,
          uniq_crazy_yiuf_cottage

Skill      XL: |  1  2  3  4  5 |
---------------+----------------+-----
Short Blades   | 2 3 5 |  5.0
Fighting       | 2 3 |  3.6
Shields        | 1 |  1.4
Throwing       | |  1.7
Dodging        | |  0.7
Stealth        | |  4.8

Action                   |  1- 3 |  4- 6 || total
-------------------------+-------+-------++-------
Melee: Dagger            |    35 |   157 ||   192
       Bite              |     2 |    46 ||    48
       Punch             |       |     2 ||     2
Throw: Dart              |       |    14 ||    14
 Stab: Sleeping          |    14 |     2 ||    16
Armor: Robe              |     4 |       ||     4
       Ring mail         |     2 |    13 ||    15
       Scale mail        |       |    25 ||    25
Dodge: Dodged            |    10 |    83 ||    93
Block: Kite shield       |       |     6 ||     6

Table legend: (Time is in decaauts)
 A = Elapsed time spent in this place.
 B = Non-inter-level travel time spent in this place.
 C = Inter-level travel time spent in this place.
 D = Time resting spent in this place.
 E = Time spent auto-exploring this place.
 F = Levels seen in this place.
 G = Mean time per level.
                   A        B        C        D        E       F      G
               +--------+--------+--------+--------+--------+-----+--------+
         Total |   2175 |   1983 |    192 |      0 |   1501 |   4 |  543.8 |
       Dungeon |   2175 |   1983 |    192 |      0 |   1501 |   4 |  543.8 |
               +--------+--------+--------+--------+--------+-----+--------+

Top non-repeatable levels by time:
     D:1: 758 daAuts
     D:3: 727 daAuts
     D:2: 677 daAuts
     D:4: 12 daAuts
